 Dungeon Crawl Stone Soup version 0.29.1-12-g30fa7ad0bf (webtiles) character file.

Game seed: 77861666126909951

18 DoIIoM the Grave Robber (level 2, -2/18 HPs)
             Began as an Octopode Necromancer on Jan 16, 2023.
             Slain by a quokka (3 damage)
             ... on level 2 of the Dungeon.
             The game lasted 00:01:07 (1040 turns).

DoIIoM the Grave Robber (Octopode Necromancer)      Turns: 1040, Time: 00:01:08

Health: -2/18      AC:  1    Str:  7    XL:     2   Next: 66%
Magic:  1/5        EV: 13    Int: 17    God:
Gold:   64         SH:  0    Dex: 12    Spells: 4/5 levels left

rFire   . . .      SeeInvis .   g - +0 dagger
rCold   . . .      Faith    .   (no shield)
rNeg    . . .      Spirit   .   (helmet restricted)
rPois   .          Reflect  .   (no amulet)
rElec   .          Harm     .   (no ring)
rCorr   .          Rampage  .   (no ring)
Will    .....                   (no ring)
Stlth   +++.......              (no ring)
HPRegen 0.06/turn               (no ring)
MPRegen 0.09/turn               (no ring)
                                (no ring)
                                (no ring)

@: no status effects
A: almost no armour, amphibious, 8 rings, camouflage 1, gelatinous body 1,
(nimble swimmer 1), tentacles
a: no special abilities


You were on level 2 of the Dungeon.
You visited 1 branch of the dungeon, and saw 2 of its levels.

You collected 64 gold pieces.

Inventory:

Hand Weapons
 g - a +0 dagger (weapon)
Jewellery
 b - a ring of poison resistance
Scrolls
 c - a scroll of fog {unknown}
 d - a scroll of acquirement {unknown}
 f - a scroll of teleportation {unknown}
 h - a scroll of fear {unknown}
Potions
 a - a potion of magic
 e - 2 potions of flight {unknown}


   Skills:
 + Level 0.9 Fighting
 - Level 2.0 Dodging
 - Level 3.1 Stealth
 + Level 2.3 Spellcasting
 + Level 4.2 Necromancy


You had 4 spell levels left.
You knew the following spells:

 Your Spells              Type           Power      Damage    Failure   Level
a - Necrotise             Necr           64%        1d7       3%          1

Your spell library contained the following spells:

 Spells                   Type           Power      Damage    Failure   Level
 Vampiric Draining        Necr           16%        2d7       10%         3
 Animate Dead             Necr           16%        N/A       32%         4
 Agony                    Necr           16%        N/A       67%         5


Dungeon Overview and Level Annotations

Branches:
Dungeon (2/15)

Altars:


Innate Abilities, Weirdness & Mutations

You cannot wear most types of armour.
You are amphibious.
You can wear up to eight rings at the same time.
Your skin changes colour to match your surroundings (Stealth+).
Your rubbery body absorbs attacks. (AC +1, EV +1)
((You are camouflaged when in or above water. (Stealth+)))
You have tentacles for arms and can constrict up to eight enemies at once.


Message History

You are too injured to fight recklessly!
You barely miss the kobold. Your grab misses the kobold.
The kobold barely misses you.
You barely miss the kobold. Your grab misses the kobold.
The kobold completely misses you.
You hit the kobold. You grab the kobold.
The kobold is moderately wounded.
You constrict the kobold.
You kill the kobold!
The bat hits you.
Unknown command.
Casting: Necrotise (safe; 3% risk of failure)
Confirm with . or Enter, or press ? or * to list all spells.
Aiming: Necrotise (safe; 3% risk of failure)
Press: ? - help, Shift-Dir - straight line, f - goblin
Aim: a goblin, wielding a +1 dagger of protection (chance to affect: 86%)
The goblin writhes in agony.
The bat barely misses you. x2
Unknown command.
You hit the bat. You grab the bat. Your squeeze misses the bat.
The bat is severely wounded.
You constrict the bat.
You kill the bat!
The goblin unwields a +1 dagger of protection.
The goblin wields a +0 sling.
The goblin shoots a sling bullet.
The sling bullet hits you.
* * * LOW HITPOINT WARNING * * *
You hear a bark!
Casting: Necrotise (safe; 3% risk of failure)
Confirm with . or Enter, or press ? or * to list all spells.
Aiming: Necrotise (safe; 3% risk of failure)
Press: ? - help, Shift-Dir - straight line, f/p - goblin
Aim: a goblin, wielding a +0 sling (heavily wounded, chance to affect: 86%)
The goblin writhes in agony.
The quokka bites you.
* * * LOW HITPOINT WARNING * * *
Unknown command.
You hit the quokka. Your grab misses the quokka.
The quokka is almost dead.
A jackal comes into view.
The quokka bites you.
You die...

.. #h # #.
#. #. .. #.
...#.#.##
#......g#
#.#####r#
#.@#
#..........
##..#######
##.# ..#
.## . ..


You could see a quokka, a jackal (wandering) and a goblin.

Vanquished Creatures
  A dart slug (D:1)
  5 bats
  An endoplasm (D:1)
  2 goblins (D:1)
  2 jackals (D:2)
  2 ball pythons (D:1)
  A frilled lizard (D:1)
  A kobold (D:2)
15 creatures vanquished.

Notes
Turn   | Place    | Note
-------+----------+-------------------------------------------
     0 | D:1      | DoIIoM the Octopode Necromancer began the quest for the
                  | Orb.
     0 | D:1      | Reached XP level 1. HP: 11/11 MP: 3/3
   511 | D:1      | Reached XP level 2. HP: 18/18 MP: 5/5
   632 | D:1      | Found a faded altar of an unknown god.
  1040 | D:2      | Slain by a quokka

Illustrated notes

Levels and vault maps discovered:
D:1:      dpeg_arrival_pond, layout_basic, chequers_ecumenical_altar_simple
D:2:      layout_loops_ring

Skill      XL: |  1 |
---------------+----+-----
Stealth        | 3 |  3.1
Fighting       | |  0.9
Dodging        | |  2.0
Spellcasting   | |  2.3
Necromancy     | |  4.2

Action                   || total
-------------------------++-------
Melee: Unarmed           ||    31
       Constrict         ||    15
       Tentacles         ||     3
       Dagger            ||    13
 Cast: Necrotise         ||     5
 Stab: Sleeping          ||     2
Armor: Skin              ||     5
Dodge: Dodged            ||    36
